 Dungeon Crawl Stone Soup version 0.30.1-11-g7821555f0a (webtiles) character file.

Game seed: 7267791624910102745

605 MrIGI the Chopper (level 7, -2/63 HPs)
             Began as a Hill Orc Chaos Knight on Dec 11, 2023.
             Was a Plaything of Xom.
             Slain by a bullfrog (5 damage)
             ... on level 6 of the Dungeon.
             The game lasted 00:14:42 (4440 turns).

MrIGI the Chopper (Hill Orc Chaos Knight)           Turns: 4440, Time: 00:14:43

Health: -2/63      AC:  9    Str: 17    XL:     7   Next: 42%
Magic:  3/7        EV:  9    Int: 18    God:    Xom [.*....]
Gold:   245        SH:  3    Dex: 10    Spells: 6/6 levels left

rFire   + . .        a - +0 hand axe (chaos)
rCold   + . .        C - +0 buckler
rNeg    . . .        f - +0 scale mail
rPois   +            n - +0 helmet
rElec   .            (no cloak)
rCorr   .            (no gloves)
SInv    .            r - +0 pair of boots
Will    +....        A - amulet of the acrobat Stlth
                     h - ring of poison resistance
HPRegen 0.30/turn    J - ring "Efuluohode" {rC+ Int+6}
MPRegen 0.10/turn

%: acrobat
@: no status effects
A: fire resistance 1, strong-willed 1
a: Renounce Religion


You were on level 6 of the Dungeon.
You worshipped Xom.
You were a plaything of Xom.
You visited 1 branch of the dungeon, and saw 6 of its levels.

You collected 305 gold pieces.
You spent 60 gold pieces at shops.

Inventory:

Hand Weapons
 a - a +0 hand axe of chaos (weapon)
 p - a +0 scythe
 E - a +0 shortbow
Missiles
 F - 9 boomerangs
Armour
 b - a +2 leather armour
 f - a +0 scale mail (worn)
 n - a +0 helmet (worn)
 r - a +0 pair of boots (worn)
 C - a +0 buckler (worn)
Magical Staves
 s - a staff of death
 y - a staff of earth
Jewellery
 h - a ring of poison resistance (left hand)
 A - an amulet of the acrobat (around neck)
 J - the ring "Efuluohode" (right hand) {rC+ Int+6}
   (You found it on level 5 of the Dungeon)

   [ring of protection from cold]

   Int:       It affects your intelligence (+6).
   rC:        It protects you from cold.
Wands
 D - a wand of flame (9)
Scrolls
 d - a scroll of immolation {unknown}
 e - a scroll of poison {unknown}
 g - 2 scrolls of fear {unknown}
 i - a scroll of brand weapon {unknown}
 j - 3 scrolls of amnesia
 k - 11 scrolls of identify
 l - 4 scrolls of teleportation
 u - a scroll of vulnerability {unknown}
 v - a scroll of fog {unknown}
 B - a scroll of silence {unknown}
 G - a scroll of noise {unknown}
 I - a scroll of enchant armour {unknown}
Potions
 m - 2 potions of curing
 o - a potion of lignification {unknown}
 q - 4 potions of mutation
 t - a potion of might {unknown}
 w - 2 potions of degeneration {unknown}
 x - a potion of heal wounds {unknown}
 z - a potion of magic {unknown}
 H - 2 potions of flight {unknown}
Miscellaneous
 c - a piece from Xom's chessboard (14/15) (quivered)


   Skills:
 * Level 6.0 Fighting
 + Level 6.9 Axes
 * Level 5.1 Armour
 + Level 1.4 Dodging
 + Level 0.8 Stealth
 + Level 0.3 Shields
 * Level 0.9 Evocations


You had 6 spell levels left.
You didn't know any spells.
Your spell library contained the following spells:

 Spells                   Type           Power      Damage    Failure   Level
 Portal Projectile        Hex/Tloc       0%         N/A       95%         3
 Tukima's Dance           Hex            0%         N/A       95%         3
 Blade Hands              Tmut           0%         N/A       100%        5


Dungeon Overview and Level Annotations

Branches:
Dungeon (6/15)
 Temple: D:4-7

Altars:
Ashenzari
Dithmenos
Gozag
Okawaru
Xom

Shops:
D:1 *


Innate Abilities, Weirdness & Mutations

Your flesh is heat resistant. (rF+)
You are strong-willed. (Will+)


Message History

HP restored.
There is a stone staircase leading down here.
You climb downwards.
The orc warrior closely misses you. The adder bites you but does no damage.
There is a stone staircase leading up here.
You slash the orc warrior!
The orc warrior is poisoned.
The orc warrior is moderately wounded.
You hit the adder.
The orc warrior hits you with a +4 scimitar of chaos!
The adder bites you but does no damage.
You hit the orc warrior but do no damage.
The orc warrior is moderately wounded.
You hit the adder. Lightning courses through the adder!
You kill the adder!
The orc warrior hits you with a +4 scimitar of chaos!
You feel drained.
A bullfrog comes into view.
Your life force feels restored.
You barely miss the orc warrior.
The orc warrior is moderately wounded.
The bullfrog croaks.
The orc warrior hits you with a +4 scimitar of chaos.
You feel your power leaking away.
You hit the orc warrior but do no damage.
The orc warrior goes berserk!
The orc warrior is heavily wounded.
The orc warrior hits you with a +4 scimitar of chaos!!
* * * LOW HITPOINT WARNING * * *
The orc warrior freezes you.
* * * LOW HITPOINT WARNING * * *
The orc warrior hits you with a +4 scimitar of chaos!!
You die... "Leave my toy alone!"
Xom revives you! The orc warrior freezes you.
* * * LOW HITPOINT WARNING * * *
The bullfrog hits you but does no damage.
You block the orc warrior's attack. The bullfrog hits you.
You die...
Xom howls with laughter!

#.#####..###
#.....###..######
####### ###..#...
##.'..≈ ##########
###..#...
#........###..######
#.......##..###
##.F.......###
#..o@....###
#.######## #.# #S#
#.. #.. #... #.##
#.#


You could see an orc warrior (berserk, very poisoned) and a bullfrog.

Vanquished Creatures
  Sigmund (D:2)
  A centaur (D:4)
  2 jellies (D:5)
  2 hounds (D:5)
  An iguana (D:5)
  2 orc wizards
  5 adders
  A white imp (D:6)
  A worm (D:2)
  15 dart slugs
  7 orcs
  5 endoplasms
  2 giant cockroaches (D:1)
  5 goblins
  6 hobgoblins
  3 jackals (D:3)
  8 kobolds
  10 ball pythons
  5 bats
  5 frilled lizards
  8 rats
95 creatures vanquished.

Notes
Turn   | Place    | Note
-------+----------+-------------------------------------------
     0 | D:1      | MrIGI the Hill Orc Chaos Knight began the quest for the
                  | Orb.
     0 | D:1      | Reached XP level 1. HP: 19/19 MP: 1/1
    55 | D:1      | XOM: divination: detect creatures
   151 | D:1      | XOM: silly message
   194 | D:1      | Found a faded altar of an unknown god.
   235 | D:1      | Reached XP level 2. HP: 27/27 MP: 2/2
   726 | D:1      | XOM: give mutations
   726 | D:1      | Gained mutation: You have a pair of small horns on your
                  | head. [Xom's mischief]
   726 | D:1      | Gained mutation: You are somewhat resistant to further
                  | mutation. [Xom's mischief]
   785 | D:1      | Found Nookhlur's General Store.
   796 | D:1      | Bought a scroll of teleportation for 30 gold pieces
   796 | D:1      | Bought a potion of curing for 30 gold pieces
   867 | D:2      | XOM: noise
   925 | D:2      | Reached XP level 3. HP: 33/34 MP: 3/3
   950 | D:2      | Noticed Sigmund
   959 | D:2      | Killed Sigmund
   960 | D:2      | Reached skill level 5 in Fighting
   960 | D:2      | Reached skill level 5 in Axes
   960 | D:2      | Reached skill level 1 in Dodging
   960 | D:2      | Reached XP level 4. HP: 12/42 MP: 4/4
   960 | D:2      | Reached XP level 5. HP: 14/48 MP: 5/5
  1164 | D:2      | Found a broken altar of Ashenzari.
  1396 | D:2      | XOM: cloud trail
  1539 | D:2      | Identified the +0 robe of Insecurity {-Tele rF++ Str+5}
  1783 | D:3      | Reached XP level 6. HP: 56/56 MP: 6/6
  2180 | D:3      | XOM: scenery: summon butterflies
  2305 | D:3      | Lost mutation: You have a pair of small horns on your head.
                  | [potion of mutation]
  2305 | D:3      | Lost mutation: You are somewhat resistant to further
                  | mutation. [potion of mutation]
  2305 | D:3      | Gained mutation: Your flesh is heat resistant. (rF+)
                  | [potion of mutation]
  2305 | D:3      | Gained mutation: You are strong-willed. (Will+) [potion of
                  | mutation]
  2353 | D:4      | Found a shimmering altar of Xom.
  2405 | D:4      | Found an iron altar of Okawaru.
  2421 | D:4      | Found a shadowy altar of Dithmenos.
  2533 | D:4      | XOM: fog
  2540 | D:4      | XOM: fake destruction
  2562 | D:4      | XOM: god gift: 2 boomerangs
  3006 | D:4      | XOM: 5-stop teleportation journey
  3236 | D:4      | Found an opulent altar of Gozag.
  3305 | D:4      | XOM: polymorph dart slug -> kobold
  3396 | D:5      | Entered Level 5 of the Dungeon
  3659 | D:5      | XOM: silly message
  3757 | D:5      | Reached skill level 5 in Armour
  3757 | D:5      | Reached XP level 7. HP: 60/61 MP: 7/7
  3857 | D:5      | XOM: repel stairs
  3876 | D:5      | Identified the ring "Efuluohode" {rC+ Int+6}
  4109 | D:5      | XOM: cast spell 'Dispersal'
  4326 | D:6      | XOM: silly message
  4352 | D:6      | XOM: chaos upgrade
  4439 | D:6      | Xom revived you
  4439 | D:6      | HP: 3/63 [orc warrior/+4 scimitar of chaos (4)]
  4440 | D:6      | Slain by a bullfrog

Illustrated notes

Levels and vault maps discovered:
D:1:      roderic_chinese_lattice_arrival, layout_basic,
          shapermc_ecumenical_altar_mp_ritualfount, serial_shops, shop
D:2:      layout_basic, basic_altar, uniq_sigmund
D:3:      layout_loops_ring
D:4:      kennysheep_slugbush, layout_basic, nicolae_overflow_quartered_altars
D:5:      layout_loops_ring
D:6:      lemuel_ice_spiral_2, layout_basic, grunt_decor_clamped, uniq_maggie,
          uniq_crazy_yiuf_cottage, uniq_duvessa

Skill      XL: |  1  2  3  4  5  6  7 |
---------------+----------------------+-----
Fighting       | 4 5 6 |  6.0
Axes           | 5 6 |  6.9
Armour         | 4 5 |  5.1
Dodging        | 1 |  1.4
Stealth        | |  0.8
Shields        | |  0.3
Evocations     | |  0.9

Action                     |  1- 3 |  4- 6 |  7- 9 || total
---------------------------+-------+-------+-------++-------
  Melee: Hand axe          |    83 |   157 |    64 ||   304
         Headbutt          |     5 |    14 |       ||    19
         Punch             |       |     1 |       ||     1
  Throw: Boomerang         |       |     2 |       ||     2
  Evoke: Piece from Xom's  |       |     1 |     1 ||     2
    Use: Scroll            |       |     2 |       ||     2
         Potion            |       |     1 |       ||     1
   Stab: Paralysed         |       |     6 |       ||     6
         Petrifying        |       |     1 |       ||     1
         Petrified         |       |     1 |       ||     1
 Armour: Scale mail        |    41 |    76 |    29 ||   146
  Dodge: Dodged            |    45 |    83 |    27 ||   155
  Block: Buckler           |       |     7 |     8 ||    15
